Map: Inside and Out

Players

Oliveira

  • Race: Terran Terran
  • League: Grandmaster
  • Spawn Location: 7:00

Solar - Winner!

  • Race: Zerg Zerg
  • League: Master
  • Spawn Location: 1:00

VOD

Have the link to the VOD?

Description

Time

  • Played on: Oct. 22, 2022, 9:29 a.m.
  • Length: 4:01
Show
View Real Time Build Order
Export as new Build Order

Oliveira Terran 

Build Orders:  

Get SALT Encoding   

  12  0:00  SCV  
  13  0:12  SCV  
  14  0:17  Supply Depot  
  14  0:25  SCV  
  15  0:44  Barracks  
  15  0:49  Barracks  
  15  1:00  SCV  
  15  1:02  Refinery  
  16  1:12  SCV  
  17  1:24  SCV  
  16  1:36  SCV, Command Center  
  17  1:43  Barracks  
  17  1:48  SCV  
  18  2:00  SCV  
  19  2:12  SCV  
  20  2:29  Marine  
  20  2:30  Orbital Command  
  20  2:33  Factory  
  21  2:48  Orbital Command  
  21  2:50  Supply Depot  
  21  2:55  SCV  
  22  2:58  Barracks Reactor  
  22  3:07  SCV  
  23  3:14  SCV  
  23  3:18  Factory Tech Lab, Starport  
  23  3:19  SCV  
  24  3:27  SCV  
  24  3:31  SCV  
Show
View Real Time Build Order
Export as new Build Order

Solar Zerg - Winner!

Build Orders: Hatch First 

Get SALT Encoding   

  12  0:00  Drone  
  13  0:12  Overlord  
  13  0:17  Drone  
  14  0:31  Drone x2  
  16  0:47  Hatchery  
  15  0:51  Drone  
  15  0:54  Drone  
  17  0:57  Drone  
  18  1:19  Spawning Pool  
  18  1:22  Drone  
  18  1:27  Drone  
  19  1:33  Drone  
  19  1:34  Extractor  
  19  1:40  Drone  
  20  1:59  Drone x2  
  22  2:06  Extractor  
  21  2:08  Roach Warren  
  21  2:10  Queen  
  21  2:14  Zergling x2  
  23  2:20  Overlord  
  25  2:41  Overlord  
  25  2:48  Roach  
  25  2:49  Roach x3  
  25  2:50  Roach  
  33  2:56  Roach  
  35  3:03  Roach  
  37  3:08  Queen  
  39  3:15  Overlord  
  39  3:21  Drone x2  
  39  3:26  Drone  
  43  3:34  Ravager  
  43  3:36  Drone x3  
  46  3:45  Drone  
Tags
 
Add a new tag
Caveats
  • Supply blocks, unpowered buildings, or Contaminate may cause inaccurate times.
  • Supply counts are checked every 10 seconds.